 Dungeon Crawl Stone Soup version 0.22-a0-579-gb62a27e (webtiles) character file.

3290 Cunctator the Covert (level 9, -4/58 HPs)
             Began as a Spriggan Enchanter on July 1, 2018.
             Was a Follower of Kikubaaqudgha.
             Slain by an ice beast (13 damage)
             ... on level 8 of the Dungeon.
             The game lasted 00:57:49 (13888 turns).

Cunctator the Covert (Spriggan Enchanter)          Turns: 13888, Time: 00:57:51

Health: -4/58      AC: 24    Str:  5    XL:     9   Next: 69%
Magic:  1/17       EV:  4    Int: 17    God:    Kikubaaqudgha [*.....]
Gold:   394        SH:  0    Dex: 18    Spells: 8/17 levels left

rFire    . . .     SeeInvis +   a - +1 dagger
rCold    . . .     Gourm    .   (shield restricted)
rNeg     + + +     Faith    .   (armour currently unavailable)
rPois    +         Spirit   .   (helmet currently unavailable)
rElec    .         Reflect  .   (cloak currently unavailable)
rCorr    .         Harm     .   (gloves unavailable)
MR       +....     NoTele   +   (boots unavailable)
Stlth    +++++.....             (no amulet)
HPRegen  0.19/turn              z - ring of wizardry
MPRegen  0.15/turn              n - ring of poison resistance

@: tree-form
A: very small, unfitting armour, see invisible, herbivore, slow metabolism 2
a: Receive Corpses, Renounce Religion


You were on level 8 of the Dungeon.
You worshipped Kikubaaqudgha.
Kikubaaqudgha was aware of your devotion.
You were hungry.
You were a tree.
You visited 2 branches of the dungeon, and saw 9 of its levels.

You collected 394 gold pieces.

Inventory:

Hand Weapons
 a - a +1 dagger (weapon)
 g - a +0 hunting sling
 q - a +4 hunting sling
 D - the +10 whip "Mirump" {flame, MR+, unknown}
   (You found it on level 6 of the Dungeon)

   It has been specially enchanted to burn those struck by it, causing extra
   injury to most foes and up to half again as much damage against particularly
   susceptible opponents.
   It affects your resistance to hostile enchantments.
Missiles
 e - 38 sling bullets
 o - 291 stones (quivered)
 I - 55 arrows
Armour
 b - a +0 robe (melded)
 l - a +0 shield
 L - a +0 leather armour
Jewellery
 n - a ring of poison resistance (right branch)
 y - an uncursed ring of protection from cold
 z - a ring of wizardry (left branch)
 A - an uncursed ring of see invisible
 B - an uncursed ring of protection from magic
 F - a +4 ring of evasion {unknown}
Wands
 K - a wand of paralysis (12)
Scrolls
 c - a scroll of magic mapping {unknown}
 f - a scroll of noise {unknown}
 h - 4 scrolls of enchant weapon
 j - 2 scrolls of immolation {unknown}
 m - 6 scrolls of teleportation
 t - 3 scrolls of remove curse
 u - a scroll of fear {unknown}
 x - a scroll of random uselessness {unknown}
 E - a scroll of blinking {unknown}
 J - 2 scrolls of identify
Potions
 i - 2 potions of curing {unknown}
 k - a potion of brilliance {unknown}
 p - a potion of berserk rage {unknown}
 r - 4 potions of lignification
 s - a potion of mutation {unknown}
 v - 2 potions of ambrosia {unknown}
 w - a potion of haste
 C - 2 potions of heal wounds {unknown}
 G - 2 potions of cancellation {unknown}
 H - a potion of flight {unknown}
Comestibles
 d - 12 rations


   Skills:
 - Level 8.0 Short Blades
 + Level 10.0 Dodging
 + Level 12.7 Stealth
 + Level 4.9 Spellcasting
 + Level 5.4 Hexes
 - Level 1.2 Ice Magic


You had 8 spell levels left.
You knew the following spells:

 Your Spells              Type           Power        Failure   Level  Hunger
a - Corona                Hex            ###....      1%          1    None
b - Ensorcelled Hibernat  Hex/Ice        ###...       2%          2    #......
c - Tukima's Dance        Hex            ###.....     1%          3    ###....
d - Confuse               Hex            ###.....     1%          3    ###....

Your spell library contained the following spells:

 Spells                   Type           Power        Failure   Level  Hunger
 Cause Fear               Hex            ###.......   6%          4    ####...
 Apportation              Tloc           #.....       6%          1    None
 Summon Small Mammal      Summ           #...         6%          1    None
 Pain                     Necr           #...         6%          1    None
 Animate Skeleton         Necr           N/A          6%          1    None
 Regeneration             Chrm/Necr      #.........   17%         3    ###....
 Sublimation of Blood     Necr           #.........   9%          2    #......
 Corpse Rot               Necr           N/A          9%          2    #......
 Deflect Missiles         Chrm/Air       #.........   100%        6    #######
 Confusing Touch          Hex            ###...       1%          1    None
 Silence                  Hex/Air        ##........   45%         5    ######.
 Dazzling Spray           Conj/Hex       ##....       6%          3    ###....
 Discord                  Hex            ###.......   100%        8    #######
 Yara's Violent Unravell  Hex/Tmut       ##........   45%         5    ######.


Dungeon Overview and Level Annotations

Branches:
Dungeon (8/15)             Temple (1/1) D:5
   Lair: D:8-11

Altars:
Ashenzari
Cheibriados
Dithmenos
Elyvilon
Fedhas
Gozag
Hepliaklqana
Kikubaaqudgha
Makhleb
Nemelex Xobeh
Okawaru
Qazlal
Ru
Sif Muna
Trog
Uskayaw
Vehumet
Wu Jian
Xom
Yredelemnul
Zin
The Shining One


Innate Abilities, Weirdness & Mutations

You are very small and have problems with some larger weapons.
You are too small for most types of armour.
You have supernaturally acute eyesight. (SInv)
You are a herbivore.
((You cover ground extremely quickly.))
You need to consume almost no food.


Message History

You barely miss the ice beast.
The ice beast is lightly wounded.
You cannot teleport because you are held in place by your roots.
You hit the ice beast but do no damage.
The ice beast is lightly wounded.
The ice beast hits you but does no damage.
The orc wizard closely misses you.
You hit the ice beast.
The ice beast is moderately wounded.
The ice beast hits you but does no damage.
You hit the ice beast but do no damage.
The ice beast is lightly wounded.
The orc wizard hits you but does no damage.
You hit the ice beast.
The ice beast is moderately wounded.
The ice beast hits you.
* * * LOW HITPOINT WARNING * * *
The ice beast freezes you!
You die...
Kikubaaqudgha rasps: "You have failed me!
Welcome... death!"

[####.#.###.# ###
)# #.#.# #.# #.. o#
#.#.# #.# #.# o#
#.#.# #[# #.# ..
..#.# #.# #.# .#
#.#.# #.# #.# # o#
#.#.# #.# #o# .# .#
#.# #.#####o##.#
#(...†♣Y.(.#
########.#######
.##########........
.....o.Yo).o.######
##.########.## #.#
#.# ..# ###


You could see an ice beast, an orc wizard (invisible) and an orc.

Vanquished Creatures
  Pikel (D:5)
  Prince Ribbit (D:6)
  A human (D:7)
  A yak (D:7)
  3 hogs (D:7)
  A water moccasin (D:7)
  An ice beast (D:5)
  An ogre (D:6)
  2 slaves (D:6)
  An orc warrior (D:8)
  A big kobold (D:7)
  A wyvern zombie (D:6)
  4 killer bees (D:7)
  2 howler monkeys
  3 crimson imps
  A bullfrog skeleton (D:7)
  3 jellies
  A centaur skeleton (D:6)
  4 orc priests
  6 orc wizards
  4 iguanas
  5 worker ants
  A hound skeleton (D:3)
  A howler monkey skeleton (D:5)
  4 gnolls
  9 adders
  2 oozes
  A dart slug (D:1)
  8 leopard geckos
  32 orcs
  4 bats
  3 giant cockroaches
  3 hobgoblins
  10 jackals
  6 quokkas
  2 ball pythons (D:3)
  A ball python zombie (D:6)
  6 frilled lizards
  9 goblins
  10 kobolds
  3 rats (D:1)
163 creatures vanquished.

Vanquished Creatures (collateral kills)
  2 ogres
  2 killer bees (D:7)
  4 orcs
8 creatures vanquished.

Vanquished Creatures (others)
  A wizard (D:4)
  6 dancing weapons
  An orc wizard (D:8)
8 creatures vanquished.

Grand Total: 179 creatures vanquished

Notes
Turn   | Place    | Note
-------+----------+-------------------------------------------
     0 | D:1      | Cunctator the Spriggan Enchanter began the quest for the Orb.
     0 | D:1      | Reached XP level 1. HP: 9/9 MP: 5/5
   593 | D:1      | Reached XP level 2. HP: 13/13 MP: 7/7
   993 | D:2      | Learned a level 2 spell: Ensorcelled Hibernation
  1252 | D:1      | Reached skill level 5 in Stealth
  1522 | D:2      | Found a bloodstained altar of Trog.
  1622 | D:2      | Reached XP level 3. HP: 6/16 MP: 0/8
  2626 | D:2      | Learned a level 3 spell: Tukima's Dance
  3301 | D:2      | Reached XP level 4. HP: 10/21 MP: 1/10
  3930 | D:3      | Reached skill level 1 in Ice Magic
  5090 | D:3      | Learned a level 3 spell: Confuse
  5205 | D:3      | Reached skill level 6 in Stealth
  5342 | D:4      | Reached XP level 5. HP: 24/24 MP: 12/12
  5703 | D:4      | Reached skill level 7 in Stealth
  5753 | D:4      | Reached XP level 6. HP: 28/28 MP: 6/13
  6174 | D:4      | Found a bloodstained altar of Trog.
  6176 | D:4      | Noticed a wizard
  6181 | D:4      | Killed a wizard
  6604 | D:5      | Entered Level 5 of the Dungeon
  6604 | D:5      | Noticed Prince Ribbit
  6856 | D:5      | Found a staircase to the Ecumenical Temple.
  6861 | Temple   | Entered the Ecumenical Temple
  6905 | Temple   | Became a worshipper of Kikubaaqudgha
  7309 | D:6      | Reached skill level 8 in Stealth
  7830 | D:6      | Found a stormy altar of Qazlal.
  8014 | D:6      | Reached XP level 7. HP: 32/32 MP: 8/14
  8325 | D:6      | Got an iridescent whip
  9449 | D:6      | Killed Prince Ribbit
  9449 | D:6      | Reached skill level 5 in Short Blades
  9449 | D:6      | Reached skill level 5 in Dodging
  9449 | D:6      | Reached skill level 9 in Stealth
  9547 | D:5      | Reached XP level 8. HP: 33/36 MP: 12/15
 10031 | D:5      | Reached skill level 10 in Stealth
 10282 | D:5      | Reached * piety under Kikubaaqudgha
 10282 | D:5      | Identified Kikubaaqudgha's Grimoire of Black Rituals (Kikubaaqudgha gifted it to you on level 5 of the Dungeon)
 10282 | D:5      | Received a gift from Kikubaaqudgha
 10330 | D:5      | Noticed Pikel
 10603 | D:5      | Killed Pikel
 10603 | D:5      | Reached skill level 11 in Stealth
 11577 | D:7      | Reached XP level 9. HP: 19/39 MP: 13/16
 12328 | D:7      | Upgraded the game from 0.22-a0-571-g4a923d4 to 0.22-a0-579-gb62a27e
 12643 | D:7      | Reached skill level 12 in Stealth
 12941 | D:7      | Reached skill level 5 in Hexes
 13878 | D:8      | Reached skill level 10 in Dodging
 13888 | D:8      | Slain by an ice beast

Vault maps used:
D:1:      dpeg_arrival_yet_another_circle
D:2:      trog_hazing_becter
D:4:      minmay_misc_feat_nine_boxes, trog_wizard
D:5:      temple_doors_e, first_ration, uniq_pikel, uniq_prince_ribbit1
D:6:      lemuel_crystal_altar
D:7:      grunt_livestock
Temple:   nicolae_temple_the_god_donut

Skill      XL: |  1  2  3  4  5  6  7  8  9 |
---------------+----------------------------+-----
Spellcasting   | 3 4 |  4.9
Stealth        | 5 6 7 8 9 11 12 | 12.7
Hexes          | 4 5 |  5.4
Ice Magic      | 1 |  1.2
Short Blades   | 2 4 5 7 8 |  8.0
Dodging        | 5 8 10 | 10.0

Action                   |  1- 3 |  4- 6 |  7- 9 || total
-------------------------+-------+-------+-------++-------
Melee: Dagger            |   130 |   302 |   394 ||   826
 Fire: Hunting sling     |     1 |    22 |   134 ||   157
 Cast: Corona            |     6 |     3 |     8 ||    17
       Ensorcelled Hiber |    15 |    44 |    94 ||   153
       Tukima's Dance    |     1 |    12 |    14 ||    27
       Confuse           |       |    10 |    12 ||    22
  Use: Scroll            |       |       |     9 ||     9
       Potion            |       |       |     1 ||     1
 Stab: Sleeping          |     9 |    32 |    41 ||    82
       Confused          |       |     3 |     1 ||     4
       Distracted        |       |       |     1 ||     1
  Eat: Ration            |     1 |     4 |     5 ||    10
Armor: Robe              |    12 |    18 |    19 ||    49
       Skin              |       |       |    28 ||    28
Dodge: Dodged            |   115 |   259 |   397 ||   771

Table legend:
 A = Spawn XP
 B = Non-spawn XP
 C = Spawn XP percentage of total XP
 D = Spawn monster count
 E = Non-spawn monster count
 F = Spawn count percentage of total count
 G = Total turns spent on level
                    A         B        C        D         E        F      G
               +---------+---------+-------+---------+---------+-------+---------
         Total |       0 |    4701 |   0.0 |       0 |     170 |   0.0 | 13888
               +---------+---------+-------+---------+---------+-------+---------
           D:1 |       0 |      35 |   0.0 |       0 |      15 |   0.0 |  1419
           D:2 |       0 |      62 |   0.0 |       0 |      15 |   0.0 |  2225
           D:3 |       0 |      95 |   0.0 |       0 |      24 |   0.0 |  1876
           D:4 |       0 |     253 |   0.0 |       0 |      23 |   0.0 |  1131
           D:5 |       0 |    1313 |   0.0 |       0 |      30 |   0.0 |  2002
           D:6 |       0 |     742 |   0.0 |       0 |      21 |   0.0 |  2326
           D:7 |       0 |    1824 |   0.0 |       0 |      30 |   0.0 |  2396
           D:8 |       0 |     377 |   0.0 |       0 |      12 |   0.0 |   265
               +---------+---------+-------+---------+---------+-------+---------
